Map: [ESL] Dynasty

Players

Rhizer

  • Race: Protoss Protoss
  • Spawn Location: 7:00

Kelazhur - Winner!

  • Race: Terran Terran
  • Spawn Location: 1:00

Event: ESL Spring 2024 Finals

VOD

Have the link to the VOD?

Description

Time

  • Played on: May 31, 2024, 11:44 a.m.
  • Length: 7:07

All games in this series

Show
View Real Time Build Order
Export as new Build Order

Rhizer Protoss 

Build Orders: 1 Gate Expand 

Get SALT Encoding   

  12  0:00  Probe  
  13  0:12  Probe  
  14  0:18  Pylon  
  14  0:24  Probe (Chrono Boost)  
  15  0:36  Gateway, Probe (Chrono Boost)  
  16  0:45  Probe (Chrono Boost)  
  16  0:46  Assimilator  
  17  0:50  Probe  
  18  1:03  Probe  
  19  1:23  Nexus  
  19  1:32  Cybernetics Core  
  19  1:35  Probe  
  20  1:44  Assimilator  
  20  1:47  Probe  
  20  1:53  Pylon  
  21  2:00  Probe  
  22  2:02  Unknown  
  22  2:07  Adept (Chrono Boost)  
  21  2:13  Warp Gate  
  24  2:16  Shield Battery  
  24  2:22  Shield Battery, Probe  
  24  2:32  Stalker  
  24  2:36  Probe  
  27  2:43  Probe  
  28  2:48  Probe  
  29  2:56  Probe  
  30  2:59  Twilight Council  
  30  3:00  Probe  
  31  3:06  Stalker (Chrono Boost)  
  31  3:08  Probe  
  31  3:12  Probe  
  34  3:24  Probe  
  34  3:26  Probe  
  34  3:34  Charge (Chrono Boost)  
  34  3:35  Stalker (Chrono Boost)  
  34  3:39  Probe  
  37  3:42  Gateway  
  37  3:44  Gateway  
  37  3:47  Probe  
  38  3:53  Pylon  
  37  3:56  Probe  
  37  4:00  Probe  
  37  4:08  Probe  
  36  4:10  Stalker  
  36  4:12  Probe  
  36  4:25  Shield Battery  
  36  4:27  Probe  
  33  4:34  Stalker  
  33  4:36  Stalker  
  33  4:37  Probe (Chrono Boost)  
  32  4:39  Stalker  
  32  4:43  Probe (Chrono Boost)  
  35  4:49  Probe (Chrono Boost)  
  37  4:55  Probe (Chrono Boost)  
  37  4:56  Probe (Chrono Boost)  
  37  4:58  Stalker  
  40  5:04  Probe  
  40  5:05  Cybernetics Core, Probe  
  42  5:13  Cybernetics Core, Assimilator  
  42  5:15  Dark Shrine  
  42  5:16  Probe  
  42  5:17  Zealot, Probe  
  42  5:19  Pylon  
  46  5:36  Pylon  
  46  5:38  Zealot  
  46  5:39  Gateway  
  46  5:40  Gateway  
  48  5:44  Zealot, Probe  
  51  5:58  Probe  
  51  6:01  Zealot x2  
  54  6:16  Nexus  
  54  6:30  Pylon  
  54  6:35  Pylon  
  54  6:39  Probe  
  54  6:49  Probe  
  54  6:51  Probe  
  54  6:52  Dark Templar x2  
  54  6:53  Dark Templar  
  62  6:56  Dark Templar  
Show
View Real Time Build Order
Export as new Build Order

Kelazhur Terran - Winner!

Build Orders: Cyclone Opening 

Get SALT Encoding   

  12  0:00  SCV  
  13  0:12  SCV  
  14  0:17  Supply Depot  
  14  0:24  SCV  
  15  0:39  SCV  
  15  0:40  Barracks  
  16  0:43  Refinery  
  16  0:51  SCV  
  16  0:52  Refinery  
  17  1:03  SCV  
  18  1:15  SCV  
  19  1:20  Supply Depot  
  19  1:27  Orbital Command, Reaper  
  20  1:42  Factory  
  20  1:53  SCV  
  21  1:59  Reaper  
  22  2:06  SCV  
  23  2:16  Command Center  
  23  2:18  SCV  
  24  2:26  Hellion  
  26  2:30  SCV  
  26  2:31  Reaper  
  28  2:42  Supply Depot  
  28  2:43  SCV  
  29  2:48  Starport  
  29  2:54  Cyclone  
  31  3:04  SCV  
  32  3:09  Barracks Reactor  
  32  3:16  SCV  
  33  3:28  SCV, Cyclone  
  37  3:37  Medivac  
  37  3:39  Orbital Command  
  37  3:40  SCV  
  39  3:44  Barracks  
  39  3:54  SCV  
  40  4:06  Cyclone  
  40  4:07  SCV, Marine x2  
  40  4:08  SCV  
  46  4:12  Supply Depot  
  46  4:21  SCV  
  45  4:26  Marine x2  
  45  4:27  SCV  
  46  4:33  SCV  
  47  4:42  SCV  
  47  4:44  Marine x2  
  48  4:45  SCV  
  48  4:47  Starport Tech Lab  
  48  4:48  Factory Reactor  
  48  4:49  Barracks Tech Lab, Barracks  
  49  4:54  SCV, Refinery, Engineering Bay  
  49  4:58  SCV, Bunker  
  51  5:02  Marine x2  
  53  5:07  SCV, Barracks  
  53  5:08  Raven, Refinery  
  53  5:09  Stimpack  
  53  5:10  Barracks  
  53  5:11  Marine  
  53  5:12  SCV  
  58  5:19  SCV  
  59  5:25  SCV  
  59  5:26  Supply Depot x2, Marine  
  59  5:27  Marine  
  62  5:38  Supply Depot  
  62  5:42  Factory Reactor  
  62  5:44  Supply Depot  
  62  5:47  SCV x2, Marine  
  62  5:49  Marine x2  
  66  5:53  Supply Depot  
  66  5:54  Medivac x2  
  73  5:57  Barracks Tech Lab, Marauder  
  73  6:01  SCV  
  74  6:04  Barracks Reactor  
  74  6:07  Marauder  
  76  6:12  SCV  
  76  6:16  Marine x2  
  76  6:17  Marauder  
  82  6:20  Concussive Shells  
  82  6:22  Marauder  
  83  6:27  Supply Depot x2  
  83  6:28  Marauder  
  85  6:37  Marine  
  85  6:38  Marine, Marauder  
  89  6:43  Marauder  
  95  6:48  Marine x2  
  95  6:49  Marine  
  95  6:52  Supply Depot  
Tags
 
Add a new tag
Caveats
  • Supply blocks, unpowered buildings, or Contaminate may cause inaccurate times.
  • Supply counts are checked every 10 seconds.